 Dungeon Crawl Stone Soup version 0.29-a0-397-g846e4a0bbc (webtiles) character file.

Game seed: 4379743279295693035

11633 HendSelp the Spear-Bearer (level 12, -2/95 HPs)
             Began as a Formicid Fighter on May 11, 2022.
             Was an Initiate of Gozag.
             Killed from afar by a crystal guardian (15 damage)
             ... with a crystal bolt
             ... on level 1 of the Abyss.
             The game lasted 00:16:01 (11448 turns).

HendSelp the Spear-Bearer (Formicid Fighter)       Turns: 11448, Time: 00:16:02

Health: -2/95      AC: 22    Str: 25    XL:     12   Next: 10%
Magic:  12/12      EV: 19    Int:  9    God:    Gozag
Gold:   108        SH: 10    Dex: 10    Spells: 11/11 levels left

rFire   + + .      SeeInvis +   a - +1 trident (spect)
rCold   + . .      Faith    .   l - +0 kite shield
rNeg    . . .      Spirit   .   B - +1 gold dragon scales
rPois   +          Reflect  .   (helmet unavailable)
rElec   .          Harm     .   i - +1 cloak
rCorr   .          Rampage  .   (no gloves)
Will    +....                   y - +0 pair of boots
Stlth   ..........              g - amulet of the acrobat
HPRegen 0.25/turn               b - ring of protection from fire
MPRegen 0.13/turn               (no ring)

@: brilliant, acrobatic
A: permanent stasis, dig shafts and tunnels, antennae 3, four strong arms
a: Dig, Shaft Self, Renounce Religion, Potion Petition, Call Merchant, Bribe
Branch


You were on level 1 of the Abyss.
You worshipped Gozag.
Gozag was aware of your devotion.
You visited 2 branches of the dungeon, and saw 10 of its levels.
You visited the Abyss 1 time.
You also visited: Sewer and Bailey.

You collected 2266 gold pieces.
You paid 2158 gold pieces to Gozag.

Inventory:

Hand Weapons
 a - a +1 spectral trident (weapon)
 C - a +0 antimagic halberd
Armour
 i - a +1 cloak (worn)
 l - a +0 kite shield (worn)
 y - a +0 pair of boots (worn)
 B - +1 gold dragon scales (worn)
Jewellery
 b - a ring of protection from fire (left hand)
 g - an amulet of the acrobat (around neck)
Wands
 k - a wand of iceblast (10)
 q - a wand of flame (13)
 t - a wand of acid (9)
 A - a wand of polymorph (8)
Scrolls
 h - a scroll of fog
 n - 2 scrolls of magic mapping
 u - 4 scrolls of fear
 v - 4 scrolls of enchant weapon
Potions
 d - 3 potions of flight
 e - 4 potions of attraction
 f - 2 potions of magic {unknown}
 m - 2 potions of resistance
 o - 2 potions of berserk rage {unknown}
 r - 3 potions of mutation
 w - 2 potions of lignification {unknown}
 z - a potion of brilliance {unknown}


   Skills:
 + Level 9.3 Fighting
 + Level 13.0 Polearms
 + Level 10.4 Armour
 + Level 8.0 Shields


You had 11 spell levels left.
You didn't know any spells.
Your spell library contained the following spells:

 Spells                   Type           Power      Damage    Failure   Level
 Foxfire                  Conj/Fire      0%         2x1d4     100%        1
 Freeze                   Ice            0%         1d3       100%        1
 Call Canine Familiar     Summ           0%         N/A       100%        3
 Conjure Flame            Conj/Fire      0%         6-21      100%        3
 Frozen Ramparts          Ice            0%         1d2       100%        3
 Inner Flame              Hex/Fire       0%         N/A       100%        3
 Lesser Beckoning         Tloc           0%         N/A       100%        3
 Portal Projectile        Hex/Tloc       0%         N/A       100%        3
 Summon Guardian Golem    Hex/Summ       0%         N/A       100%        3
 Flame Wave               Conj/Fire      0%         2d4       100%        4
 Hailstorm                Conj/Ice       0%         3d3       100%        4
 Leda's Liquefaction      Hex/Erth       0%         N/A       100%        4
 Manifold Assault         Tloc           0%         N/A       100%        5
 Orb of Destruction       Conj           0%         9d5       100%        7
 Spellforged Servitor     Conj/Summ      0%         N/A       100%        7
 Blink                    Tloc           Unusable   N/A       N/A         2

Dungeon Overview and Level Annotations

Branches:
Dungeon (9/15)             Temple (1/1) D:7             Orc (0/2) D:9
  Sewer (visited)          Bailey (visited)
   Lair: D:8-11

Altars:
Ashenzari
Cheibriados
Dithmenos
Elyvilon
Fedhas
Gozag
Hepliaklqana
Kikubaaqudgha
Makhleb
Nemelex Xobeh
Okawaru
Qazlal
Ru
Sif Muna
Trog
Uskayaw
Vehumet
Wu Jian
Xom
Yredelemnul
The Shining One

Shops:
D:8 =(

Annotations:
D:8 3 runed translucent doors, freelancePsychic's ghost, novice DrFi; osinmv's ghost, novice GrFi


Innate Abilities, Weirdness & Mutations

You cannot be hasted, slowed, berserked, paralysed or teleported.
You can dig through walls and to a lower floor.
You have a pair of large antennae on your head. (SInv)
Your four strong arms can wield two-handed weapons with a shield.


Message History

Unknown command.
You hit the tentacled starspawn but do no damage.
The tentacled starspawn is almost destroyed.
Your +1 spectral trident hits the tentacled starspawn from afar!
Unknown command.
Unknown command.
Unknown command.
You puncture the tentacled starspawn!
You destroy the tentacled starspawn!
That felt strangely unrewarding.
The starspawn's tentacles wither and die.
The crystal guardian fires a crystalline bolt at you.
The crystal bolt burns you. You resist.
* * * LOW HITPOINT WARNING * * *
The crystal guardian fires a crystalline bolt at you.
The crystal bolt freezes you! You resist.
* * * LOW HITPOINT WARNING * * *
Okay, then.
You feel better.
The crystal guardian glitters, brittle, in the dim dungeon light.
The crystal guardian fires a crystalline bolt at you.
The crystal bolt freezes you!! You resist.
* * * LOW HITPOINT WARNING * * *
Unknown command.
You feel better.
Unknown command.
Unknown command.
Unknown command.
Unknown command.
Unknown command.
Unknown command.
Unknown command.
Unknown command.
Unknown command.
Unknown command.
Unknown command.
The crystal guardian fires a crystalline bolt at you.
The crystal bolt burns you! You resist.
You die...
Your body crumbles into a pile of gold.

.⌠..#...#..#
..≈≈≈≈≈≈.#§....#
#.≈≈≈≈≈..## .###
#..≈≈≈≈..##..#
...≈..≈...#..#
...≈...9.....##
..≈.....#......
....##.........
#### ##@.####..
.........# #.
#..###...# ##..#
{ ##.# .# .# .#


You could see a crystal guardian.

Vanquished Creatures
  A tentacled starspawn (Abyss:1)
  An orc warlord (Bailey)
  A two-headed ogre (D:8)
  Pikel (D:9)
  An orc knight (Bailey)
  An ugly thing (D:8)
  Psyche (D:9)
  A hornet (D:7)
  A queen bee (D:8)
  A troll (D:9)
  Sigmund (D:5)
  18 yaks
  A ynoxinul (Abyss:1)
  A large abomination (Abyss:1)
  A steam dragon (D:8)
  Eustachio (D:5)
  A chaos spawn (Abyss:1)
  A basilisk (D:9)
  An acid dragon (D:9)
  2 water moccasins
  5 orc warriors
  2 sky beasts (D:7)
  An ice beast (D:5)
  A black bear (D:7)
  2 ogres
  2 lemures (D:9)
  3 phantoms
  4 kobold brigands (D:9)
  3 bullfrogs
  8 gnoll sergeants
  6 scorpions
  5 necrophages
  17 killer bees
  3 howler monkeys (D:5)
  Crazy Yiuf (D:2)
  4 hounds
  3 jellies
  An orc priest (D:7)
  2 gnoll shamans
  An iron imp (Abyss:1)
  An iguana (D:7)
  Natasha (thrice) (D:2)
  6 orc wizards
  8 adders
  20 gnolls
  A white imp (D:8)
  3 worms (D:3)
  26 orcs
  6 ball pythons
  14 bats
  9 endoplasms
  3 giant cockroaches
  11 goblins
  7 hobgoblins
  7 jackals (D:4)
  3 quokkas
  4 frilled lizards
  24 kobolds
  10 rats
  A starspawn tentacle (Abyss:1)
279 creatures vanquished.

Vanquished Creatures (collateral kills)
  A goblin (Bailey)
1 creature vanquished.

Vanquished Creatures (others)
  8 fungi (D:6)
  8 plants (D:8)
  2 starspawn tentacles (Abyss:1)
  3 toadstools (D:5)
  9 withered plants
30 creatures vanquished.

Grand Total: 310 creatures vanquished

Notes
Turn   | Place    | Note
-------+----------+-------------------------------------------
     0 | D:1      | HendSelp the Formicid Fighter began the quest for the Orb.
     0 | D:1      | Reached XP level 1. HP: 18/18 MP: 1/1
   204 | D:1      | Reached XP level 2. HP: 19/24 MP: 2/2
   622 | D:1      | Reached XP level 3. HP: 30/30 MP: 3/3
  1299 | D:2      | You fall into a shaft and drop 2 floors!
  1316 | D:4      | Noticed a phantom
  1327 | D:4      | Killed a phantom
  1328 | D:4      | Reached skill level 3 in Polearms
  1328 | D:4      | Reached XP level 4. HP: 20/37 MP: 4/4
  1328 | D:4      | Reached XP level 5. HP: 23/42 MP: 5/5
  1627 | D:3      | Found a glowing drain.
  1638 | Sewer    | Entered a sewer
  1800 | Sewer    | Noticed a water moccasin
  1836 | Sewer    | Killed a water moccasin
  1837 | Sewer    | Reached skill level 4 in Polearms
  1837 | Sewer    | Reached XP level 6. HP: 17/49 MP: 6/6
  2673 | D:2      | Noticed Natasha
  2686 | D:2      | Killed Natasha
  2930 | D:2      | Found a runed translucent door.
  2931 | D:2      | Noticed Crazy Yiuf
  2979 | D:2      | Noticed Natasha
  2987 | D:2      | Killed Natasha
  2988 | D:2      | Reached skill level 5 in Armour
  3089 | D:2      | Noticed Natasha
  3109 | D:2      | Killed Natasha
  3110 | D:2      | Reached XP level 7. HP: 38/55 MP: 7/7
  3267 | D:2      | Killed Crazy Yiuf
  3578 | D:3      | Found a faded altar of an unknown god.
  4290 | D:4      | Reached skill level 5 in Polearms
  4560 | D:5      | Entered Level 5 of the Dungeon
  4575 | D:5      | Reached skill level 5 in Shields
  4577 | D:5      | Reached skill level 5 in Fighting
  4577 | D:5      | Reached XP level 8. HP: 62/62 MP: 8/8
  4578 | D:5      | Noticed Sigmund
  4585 | D:5      | Reached skill level 6 in Polearms
  4590 | D:5      | Killed Sigmund
  4666 | D:5      | Noticed Eustachio
  4669 | D:5      | Killed Eustachio
  4670 | D:5      | Reached skill level 7 in Polearms
  4996 | D:5      | Reached XP level 9. HP: 69/69 MP: 9/9
  5239 | D:6      | Reached skill level 8 in Polearms
  6052 | D:6      | Found a burning altar of Makhleb.
  6462 | D:7      | Reached skill level 9 in Polearms
  6476 | D:7      | Found a staircase to the Ecumenical Temple.
  6510 | Temple   | Entered the Ecumenical Temple
  6721 | D:7      | Found an ancient bone altar of Kikubaaqudgha.
  6921 | D:7      | Found a sacrificial altar of Ru.
  6921 | D:7      | Found an opulent altar of Gozag.
  7001 | D:7      | Noticed a hornet
  7002 | D:7      | Reached XP level 10. HP: 63/77 MP: 10/10
  7071 | D:7      | Became a worshipper of Gozag Ym Sagoz the Greedy
  7619 | D:7      | Identified the +3 rapier of the Dark Horse {drain, Int+6}
  8000 | D:8      | Reached skill level 10 in Polearms
  8125 | D:8      | Found a flagged portal.
  8141 | Bailey   | Entered a bailey
  8146 | Bailey   | Noticed an orc warlord
  8192 | Bailey   | Noticed an orc knight
  8230 | Bailey   | Killed an orc knight
  8617 | Bailey   | Found a runed translucent gate.
  8620 | Bailey   | Found a runed translucent gate.
  8622 | Bailey   | Found a runed translucent gate.
  8749 | Bailey   | Killed an orc warlord
  8923 | Bailey   | Acquired 750 gold pieces
  9020 | D:8      | Found a runed translucent gate.
  9021 | D:8      | Found a runed translucent gate.
  9025 | D:8      | Found a runed translucent gate.
  9027 | D:8      | Noticed freelancePsychic's ghost (novice DrFi)
  9027 | D:8      | Noticed osinmv's ghost (novice GrFi)
  9048 | D:8      | Noticed a purple ugly thing
  9054 | D:8      | Reached skill level 11 in Polearms
  9060 | D:8      | Killed a purple ugly thing
  9061 | D:8      | Reached XP level 11. HP: 77/86 MP: 3/11
  9764 | D:8      | Noticed a two-headed ogre
  9771 | D:8      | Killed a two-headed ogre
  9772 | D:8      | Reached skill level 12 in Polearms
 10394 | D:9      | Noticed Psyche
 10399 | D:9      | Killed Psyche
 10470 | D:9      | Noticed Pikel
 10503 | D:9      | Killed Pikel
 10619 | D:9      | Reached skill level 10 in Armour
 10873 | D:9      | Found a blossoming altar of Fedhas.
 10930 | D:9      | Found a staircase to the Orcish Mines.
 10940 | D:9      | Reached XP level 12. HP: 71/95 MP: 12/12
 11287 | D:9      | Reached skill level 13 in Polearms
 11288 | D:9      | Cast into level 1 of the Abyss (gnoll sergeant)
 11411 | Abyss:1  | Noticed a crystal guardian
 11414 | Abyss:1  | Noticed a tentacled starspawn
 11438 | Abyss:1  | Killed a tentacled starspawn
 11448 | Abyss:1  | Killed from afar by a crystal guardian

Illustrated notes

Levels and vault maps discovered:
D:1:      psy_arrival_fountain, layout_basic, minmay_distorted
D:2:      cheibrodos_helix_gallery, layout_loops_ring, minmay_tromino_i4,
          uniq_crazy_yiuf_cottage, uniq_natasha
D:3:      layout_basic, ebering_ecumenical_altar_petrified,
          cheibrodos_sewer_entry_sluice
D:4:      layout_rooms, ldierk_geyser
D:5:      layout_loops_ring, nrook_pool_corridor, minmay_gold_behind_fungi,
          st_stairs_2, uniq_eustachio, uniq_sigmund
D:6:      old_forge, layout_cave_pools, mainiacjoe_overflow_surrounded_room
D:7:      layout_layer_cave, gammafunk_temple_overflow_statue,
          kiku_gazebo_pond_becter, temple_doors_e, kennysheep_generic_room_7
D:8:      layout_gridville, enter_bailey_2, gammafunk_ghost_cemetery,
          st_stairs_10, nrook_uturn, nicolae_looking_at_the_future
D:9:      layout_roguey, fedhas_altar_fruit_tree, lair_entry_dummy,
          kennysheep_orc_monster_closet_entryway, uniq_pikel, uniq_psyche,
          uniq_amaemon
Temple:   eino_temple_scatter_basement
Abyss:1:  base:
D:7

Skill      XL: |  1  2  3  4  5  6  7  8  9 10 11 12 |
---------------+-------------------------------------+-----
Shields        | 4 5 6 7 8 |  8.0
Fighting       | 4 5 6 8 9 |  9.3
Polearms       | 3 4 5 7 9 11 12 13 | 13.0
Armour         | 4 5 6 7 8 10 | 10.4

Action                   |  1- 3 |  4- 6 |  7- 9 | 10-12 || total
-------------------------+-------+-------+-------+-------++-------
Melee: Trident           |    96 |   156 |   244 |   255 ||   751
       Halberd           |       |       |       |   163 ||   163
Throw: Throwing net      |       |       |     2 |     2 ||     4
Invok: Call Merchant     |       |       |       |     2 ||     2
       Potion Petition   |       |       |       |     3 ||     3
  Use: Scroll            |     6 |     1 |    10 |     6 ||    23
       Potion            |     1 |     3 |       |    12 ||    16
 Stab: Distracted        |       |       |     1 |     3 ||     4
       Invisible         |       |       |       |     3 ||     3
       Held in net/web   |       |       |       |     1 ||     1
Armor: Scale mail        |    36 |    37 |       |       ||    73
       Plate armour      |       |    27 |    74 |    17 ||   118
       Gold dragon scale |       |       |       |   183 ||   183
Dodge: Dodged            |    37 |    85 |    45 |    76 ||   243
Block: Buckler           |    15 |    38 |    36 |    55 ||   144
       Kite shield       |       |       |       |    12 ||    12

Table legend: (Time is in decaauts)
 A = Elapsed time spent in this place.
 B = Non-inter-level travel time spent in this place.
 C = Inter-level travel time spent in this place.
 D = Time resting spent in this place.
 E = Time spent auto-exploring this place.
 F = Levels seen in this place.
 G = Mean time per level.
                   A        B        C        D        E       F      G
               +--------+--------+--------+--------+--------+-----+--------+
         Total |  11434 |  10948 |    486 |   1441 |   7311 |  13 |  879.5 |
       Dungeon |   9863 |   9397 |    466 |   1135 |   6559 |   9 | 1095.9 |
        Temple |    192 |    172 |     20 |      0 |    158 |   1 |  192.0 |
         Abyss |    153 |    153 |      0 |      0 |      0 |   1 |  153.0 |
         Sewer |    397 |    397 |      0 |    151 |    157 |   1 |  397.0 |
        Bailey |    826 |    826 |      0 |    155 |    437 |   1 |  826.0 |
               +--------+--------+--------+--------+--------+-----+--------+

Top non-repeatable levels by time:
     D:8: 1781 daAuts
     D:7: 1457 daAuts
     D:2: 1429 daAuts
     D:1: 1199 daAuts
     D:3: 945 daAuts
     D:6: 894 daAuts
     D:5: 877 daAuts
  Bailey: 826 daAuts
     D:4: 646 daAuts
     D:9: 633 daAuts
   Sewer: 397 daAuts
  Temple: 192 daAuts
 Abyss:1: 153 daAuts
